AoeStats
← 2ScareD23

Arabia

510722728Analyzed
1v1 RM · 20h ago on Oct 2, 2026· 20m 22s· 2 players
Game mode
Random Map
Map size
Tiny (2 player)
Population
200
Speed
Normal
Resources
Standard
Victory
Conquest
Starting age
Dark Age
Ending age
Imperial Age
RankedLock teamsTeams togetherTeam positionsShared explorationLock speedFull tech treeHidden civsTurbo modeCheats
Victory
Defeat
🇬🇧 Tupi · United Kingdom
1321
+14
🇹🇷 Burgundians · Türkiye
1285
-14
2ScareD23
3:17 Loom
6:17 Wheelbarrow
6:06 Double-Bit Axe
10:38 Feudal Age
16:26 Horse Collar
NastyHigh
10:08 Feudal Age
8:26 Loom
14:12 Castle Age
13:18 Scale Mail Armor
13:13 Arson
15:01 Squires
Connection lost

Rejoining the realm…

Still unreachable

The connection could not be restored.

Session expired

The server has moved on; the page needs a fresh start.